TOP OF THE 1ST |
Santa Monica Bruins batting - Pitching for Spokane Trappers : LHP Martin Lowry
|
Pitching: LHP Martin Lowry
|
|
Batting: RHB António López
|
0-0: SINGLE (Groundball, 4MD)
|
Batting: RHB Phil White
|
0-0: Called Strike António López steals 2nd base 0-1: Ball 1-1: Called Strike 1-2: Ball 2-2: Foul Ball, location: 2F 2-2: Strikes out swinging
|
Batting: LHB Sammy Marshall
|
0-0: Ball António López steals 3rd base 1-0: Called Strike 1-1: Swinging Strike 1-2: Strikes out swinging
|
Batting: LHB Noriaki Sangi
|
0-0: Foul Ball, location: 2F 0-1: Ball 1-1: Fly out, F7 (Flyball, 7LS)
|
Top of the 1st over - 0 run(s), 1 hit(s), 0 error(s), 1 left on base; Santa Monica 0 - Spokane 0 |
BOTTOM OF THE 1ST |
Spokane Trappers batting - Pitching for Santa Monica Bruins : RHP Riley Johnston
|
Pitching: RHP Riley Johnston
|
|
Batting: LHB Juan Viera
|
0-0: Ball 1-0: Called Strike 1-1: Ball 2-1: Foul Ball, location: 2F 2-2: Ball 3-2: Strikes out swinging
|
Batting: RHB John Craig
|
0-0: Swinging Strike 0-1: Foul Ball, location: 2F 0-2: Ball 1-2: Ground out 1-3 (Groundball, 13)
|
Batting: RHB Ernesto Acosta
|
0-0: Foul Ball, location: 2F 0-1: Foul Ball, location: 2F 0-2: Ball 1-2: Fly out, F9 (Flyball, 89M)
|
Bottom of the 1st over - 0 run(s), 0 hit(s), 0 error(s), 0 left on base; Santa Monica 0 - Spokane 0 |
TOP OF THE 2ND |
Santa Monica Bruins batting - Pitching for Spokane Trappers : LHP Martin Lowry
|
Batting: SHB Chris Woods
|
0-0: Called Strike 0-1: SINGLE (Line Drive, 89S)
|
Batting: SHB Ken Hernández
|
0-0: Reached on error, E9 (Flyball, 89S) Chris Woods to second
|
Batting: RHB Armando Colón
|
0-0: Ball 1-0: Swinging Strike 1-1: Ball 2-1: Ball 3-1: SINGLE (Groundball, 4MD) Chris Woods to third Ken Hernández to second
|
Batting: LHB Felipe Cruz
|
0-0: Swinging Strike 0-1: Ball 1-1: Swinging Strike 1-2: Ball 2-2: Strikes out swinging
|
Batting: LHB Rubén Díaz
|
0-0: Foul Ball, location: 2F 0-1: Ball 1-1: Foul Ball, location: 2F 1-2: Foul Ball, location: 2F 1-2: Ball 2-2: Strikes out swinging
|
Batting: RHB António López
|
0-0: Fly out, F6 (Popup, 6)
|
Top of the 2nd over - 0 run(s), 2 hit(s), 1 error(s), 3 left on base; Santa Monica 0 - Spokane 0 |
BOTTOM OF THE 2ND |
Spokane Trappers batting - Pitching for Santa Monica Bruins : RHP Riley Johnston
|
Batting: LHB José Berroa
|
0-0: Called Strike 0-1: Ground out U3 (Groundball, 3S)
|
Batting: LHB Héctor Rentería
|
0-0: Ball 1-0: Ball 2-0: SOLO HOME RUN (Flyball, 8LXD), Distance : 423 ft
|
Batting: RHB Robert Marks
|
0-0: Ball 1-0: Called Strike 1-1: Ground out 5-3 (Groundball, 5S)
|
Batting: RHB Toru Nakanishi
|
0-0: Ball 1-0: Foul Ball, location: 2F 1-1: Ball 2-1: Foul Ball, location: 2F 2-2: Strikes out swinging
|
Bottom of the 2nd over - 1 run(s), 1 hit(s), 0 error(s), 0 left on base; Santa Monica 0 - Spokane 1 |
TOP OF THE 3RD |
Santa Monica Bruins batting - Pitching for Spokane Trappers : LHP Martin Lowry
|
Batting: RHB Phil White
|
0-0: Called Strike 0-1: Ball 1-1: Fly out, F8 (Flyball, 8RS)
|
Batting: LHB Sammy Marshall
|
0-0: Ball 1-0: SINGLE (Groundball, 4MD)
|
Batting: LHB Noriaki Sangi
|
0-0: Ball 1-0: Foul Ball, location: 2F 1-1: Ball Sammy Marshall is caught stealing 2nd base 2-1: Foul Ball, location: 2F 2-2: Ball 3-2: SINGLE (Flyball, 7S)
|
Batting: SHB Chris Woods
|
0-0: Ball 1-0: Ball 2-0: Ball 3-0: Called Strike 3-1: Base on Balls Noriaki Sangi to second
|
Batting: SHB Ken Hernández
|
0-0: SINGLE (Groundball, 6MD) Noriaki Sangi to third Chris Woods to second Runner from 3rd tries for Home, SAFE, no throw
|
Batting: RHB Armando Colón
|
0-0: Foul Ball, location: 2F 0-1: Ball 1-1: Ball 2-1: Swinging Strike 2-2: Foul Ball, location: 2F 2-2: Strikes out looking
|
Top of the 3rd over - 1 run(s), 3 hit(s), 0 error(s), 2 left on base; Santa Monica 1 - Spokane 1 |
BOTTOM OF THE 3RD |
Spokane Trappers batting - Pitching for Santa Monica Bruins : RHP Riley Johnston
|
Batting: RHB Enrico Rodríguez
|
0-0: Called Strike 0-1: SINGLE (Line Drive, 6D)
|
Batting: RHB Alejandro Ramos
|
0-0: Foul Ball, location: 2F 0-1: Foul Ball, location: 2F 0-2: Fly out, F9 (Flyball, 9)
|
Batting: LHB Juan Viera
|
0-0: Fly out, F4 (Line Drive, 4M)
|
Batting: RHB John Craig
|
0-0: Foul Ball, location: 2F 0-1: Ball 1-1: Fielders Choice at 2nd, 6-4 (Groundball, 6)
|
Bottom of the 3rd over - 0 run(s), 1 hit(s), 0 error(s), 0 left on base; Santa Monica 1 - Spokane 1 |
TOP OF THE 4TH |
Santa Monica Bruins batting - Pitching for Spokane Trappers : LHP Martin Lowry
|
Batting: LHB Felipe Cruz
|
0-0: Called Strike 0-1: Ball 1-1: Ball 2-1: Called Strike 2-2: Ball 3-2: Fly out, F9 (Line Drive, 9)
|
Batting: LHB Rubén Díaz
|
0-0: Called Strike 0-1: Ball 1-1: Fly out, F9 (Flyball, 9)
|
Batting: RHB António López
|
0-0: Foul Ball, location: 2F 0-1: Ball 1-1: Ground out 4-3 (Groundball, 4)
|
Top of the 4th over - 0 run(s), 0 hit(s), 0 error(s), 0 left on base; Santa Monica 1 - Spokane 1 |
BOTTOM OF THE 4TH |
Spokane Trappers batting - Pitching for Santa Monica Bruins : RHP Riley Johnston
|
Batting: RHB Ernesto Acosta
|
0-0: Ball 1-0: Ball 2-0: Ball 3-0: Base on Balls
|
Batting: LHB José Berroa
|
0-0: Ball 1-0: Foul Ball, location: 2F 1-1: Ball 2-1: Ball 3-1: Fielders Choice at 2nd, 3-6 (Groundball, 3)
|
Batting: LHB Héctor Rentería
|
0-0: Ball 1-0: Foul Ball, location: 2F 1-1: Ball 2-1: SINGLE (Groundball, 4MD) José Berroa to second Runner from 2nd tries for 3rd, SAFE, throw made to third Héctor Rentería to second
|
Batting: RHB Robert Marks
|
0-0: Foul Ball, location: 2F 0-1: Foul Ball, location: 2F 0-2: Strikes out swinging
|
Batting: RHB Toru Nakanishi
|
0-0: Intentional Walk
|
Batting: RHB Enrico Rodríguez
|
0-0: Fielders Choice at 2nd, 5-4 (Groundball, 56)
|
Bottom of the 4th over - 0 run(s), 1 hit(s), 0 error(s), 2 left on base; Santa Monica 1 - Spokane 1 |
TOP OF THE 5TH |
Santa Monica Bruins batting - Pitching for Spokane Trappers : LHP Martin Lowry
|
Batting: RHB Phil White
|
0-0: Called Strike 0-1: Ball 1-1: Fly out, F7 (Flyball, 7LSF)
|
Batting: LHB Sammy Marshall
|
0-0: Called Strike 0-1: Ball 1-1: Ball 2-1: Foul Ball, location: 2F 2-2: Ball 3-2: Strikes out swinging
|
Batting: LHB Noriaki Sangi
|
0-0: Called Strike 0-1: Called Strike 0-2: Strikes out looking
|
Top of the 5th over - 0 run(s), 0 hit(s), 0 error(s), 0 left on base; Santa Monica 1 - Spokane 1 |
BOTTOM OF THE 5TH |
Spokane Trappers batting - Pitching for Santa Monica Bruins : RHP Riley Johnston
|
Batting: RHB Alejandro Ramos
|
0-0: Ball 1-0: Foul Ball, location: 2F 1-1: Ball 2-1: Ball 3-1: Base on Balls
|
Batting: LHB Juan Viera
|
0-0: Called Strike 0-1: Foul Ball, location: 2F 0-2: Strikes out swinging
|
Batting: RHB John Craig
|
0-0: Foul Ball, location: 2F 0-1: Foul Ball, location: 2F 0-2: Ball 1-2: Foul Ball, location: 2F 1-2: Fielders Choice at 2nd, 4-6 (Groundball, 4)
|
Batting: RHB Ernesto Acosta
|
0-0: Ball 1-0: Foul Ball, location: 2F 1-1: Foul Ball, location: 2F 1-2: Ball John Craig steals 2nd base 2-2: Fly out, F9 (Flyball, 9S)
|
Bottom of the 5th over - 0 run(s), 0 hit(s), 0 error(s), 1 left on base; Santa Monica 1 - Spokane 1 |
TOP OF THE 6TH |
Santa Monica Bruins batting - Pitching for Spokane Trappers : LHP Martin Lowry
|
Batting: SHB Chris Woods
|
0-0: Foul Ball, location: 2F 0-1: Ball 1-1: Called Strike 1-2: Foul Ball, location: 2F 1-2: Foul Ball, location: 2F 1-2: Strikes out swinging
|
Batting: SHB Ken Hernández
|
0-0: Ball 1-0: Called Strike 1-1: SINGLE (Line Drive, 6)
|
Batting: RHB Armando Colón
|
0-0: Called Strike 0-1: 2-RUN HOME RUN (Flyball, 89XD), Distance : 415 ft
|
Batting: LHB Felipe Cruz
|
0-0: Ground out 4-3 (Groundball, 4)
|
Batting: LHB Rubén Díaz
|
0-0: Ball 1-0: Foul Ball, location: 2F 1-1: Ball 2-1: Foul Ball, location: 2F 2-2: Foul Ball, location: 2F 2-2: Strikes out swinging
|
Top of the 6th over - 2 run(s), 2 hit(s), 0 error(s), 0 left on base; Santa Monica 3 - Spokane 1 |
BOTTOM OF THE 6TH |
Spokane Trappers batting - Pitching for Santa Monica Bruins : RHP Riley Johnston
|
Batting: LHB José Berroa
|
0-0: Ball 1-0: Ball 2-0: Ball 3-0: Called Strike 3-1: Base on Balls
|
Batting: LHB Héctor Rentería
|
0-0: Ball 1-0: Foul Ball, location: 2F 1-1: 2-RUN HOME RUN (Flyball, 89XD), Distance : 391 ft
|
Batting: RHB Robert Marks
|
0-0: SINGLE (Groundball, 3D)
|
Batting: RHB Toru Nakanishi
|
0-0: Swinging Strike 0-1: Ball 1-1: Called Strike 1-2: Ball 2-2: Strikes out looking
|
Batting: RHB Enrico Rodríguez
|
0-0: Ball 1-0: Ball 2-0: Ball 3-0: Called Strike 3-1: Foul Ball, location: 2F 3-2: Strikes out swinging
|
Pitching: RHP Keith Harper
|
|
Batting: RHB Alejandro Ramos
|
0-0: Ball 1-0: Ground out 4-3 (Groundball, 4M)
|
Bottom of the 6th over - 2 run(s), 2 hit(s), 0 error(s), 1 left on base; Santa Monica 3 - Spokane 3 |
TOP OF THE 7TH |
Santa Monica Bruins batting - Pitching for Spokane Trappers : LHP Martin Lowry
|
Pitching: LHP Adrián León
|
|
Pinch Hitting: RHB Luis Martínez
|
0-0: Foul Ball, location: 2F 0-1: Swinging Strike 0-2: Ball 1-2: Fly out, F9 (Flyball, 9LSF)
|
Batting: RHB Phil White
|
0-0: Called Strike 0-1: Ball 1-1: Swinging Strike 1-2: DOUBLE (Line Drive, 7LM)
|
Pinch Hitting: RHB Pablo Peña
|
0-0: Intentional Walk
|
Pinch Hitting: SHB Adrián Nieto
|
0-0: Ball 1-0: Ball 2-0: Called Strike 2-1: Ball 3-1: Base on Balls Phil White to third Pablo Peña to second
|
Batting: SHB Chris Woods
|
0-0: Called Strike 0-1: Ball 1-1: Ball 2-1: Called Strike 2-2: Foul Ball, location: 2F 2-2: Strikes out swinging
|
Batting: SHB Ken Hernández
|
0-0: Swinging Strike 0-1: Ball 1-1: Ball 2-1: Fly out, F9 (Flyball, 9S)
|
Top of the 7th over - 0 run(s), 1 hit(s), 0 error(s), 3 left on base; Santa Monica 3 - Spokane 3 |
BOTTOM OF THE 7TH |
Spokane Trappers batting - Pitching for Santa Monica Bruins : RHP Keith Harper
|
Now at 1B: Luis Martínez
|
|
Now at SS: Adrián Nieto
|
|
Now in LF: Ray Bryant
|
|
Batting: LHB Juan Viera
|
0-0: Ball 1-0: Ball 2-0: Ball 3-0: Called Strike 3-1: Base on Balls
|
Batting: RHB John Craig
|
0-0: Ball 1-0: Bunted foul 1-1: Sac Bunt - play at first, batter OUT! 1-4 Juan Viera to second
|
Batting: RHB Ernesto Acosta
|
0-0: Ball 1-0: Ball 2-0: Ball 3-0: SINGLE (Groundball, 6MD) Juan Viera to third Runner from 3rd tries for Home, SAFE, no throw
|
Batting: LHB José Berroa
|
0-0: Ball 1-0: Called Strike 1-1: SINGLE (Line Drive, 5D) Ernesto Acosta to second
|
Pinch Hitting: SHB Glenn Vadnais
|
0-0: Ball 1-0: Fly out, F8 (Flyball, 8RM)
|
Batting: RHB Robert Marks
|
0-0: Ball 1-0: Fielders Choice at 2nd, 6-4 (Groundball, 6)
|
Bottom of the 7th over - 1 run(s), 2 hit(s), 0 error(s), 1 left on base; Santa Monica 3 - Spokane 4 |
TOP OF THE 8TH |
Santa Monica Bruins batting - Pitching for Spokane Trappers : LHP Adrián León
|
Pitching: RHP Ching-wei Zi
|
|
Now in RF: Glenn Vadnais
|
|
Batting: RHB Armando Colón
|
0-0: Called Strike 0-1: Foul Ball, location: 2F 0-2: Ball 1-2: Strikes out swinging
|
Pitching: LHP Alberto Cabrera
|
|
Batting: LHB Felipe Cruz
|
0-0: Swinging Strike 0-1: Called Strike 0-2: Ball 1-2: Foul Ball, location: 2F 1-2: Reached on error, E4 (Groundball, 4M)
|
Batting: LHB Rubén Díaz
|
0-0: Ball
|
|
|
Thursday, March 30th, 2017 - OOTP Baseball 17.12 Build 75
|
|